Map: Lerilak Crest

Players

LilDicky - Winner!

  • Race: Terran Terran
  • League: Diamond

BlackFlag

  • Race: Protoss Protoss
  • League: Diamond

VOD

http://www.twitch.tv/tumescentpie

Description

Time

  • Played on: Dec. 24, 2015, 7:56 p.m.
  • Length: 7:29
Show
View Real Time Build Order
Export as new Build Order

LilDicky Terran - Winner!

Build Orders: MMM Bio 

Get SALT Encoding   

  12  0:01  SCV  
  13  0:13  SCV  
  14  0:21  Supply Depot  
  14  0:25  SCV  
  15  0:31  Refinery  
  15  0:43  SCV  
  15  0:46  Barracks  
  16  0:55  SCV  
  17  1:07  SCV  
  18  1:19  SCV  
  19  1:31  SCV  
  20  1:34  Marine  
  20  1:36  Supply Depot  
  21  1:50  Orbital Command  
  21  1:51  Factory  
  21  1:54  Marine  
  22  2:05  Barracks  
  22  2:08  Barracks  
  22  2:15  Barracks Reactor  
  22  2:24  SCV  
  23  2:35  Refinery  
  23  2:38  Supply Depot  
  23  2:47  SCV  
  24  2:53  Barracks Tech Lab  
  24  2:56  Barracks Tech Lab  
  24  2:58  Marine x2  
  24  2:59  SCV  
  24  3:01  Supply Depot  
  27  3:08  Widow Mine  
  27  3:11  SCV  
  29  3:13  Stimpack  
  29  3:17  Combat Shields, Marine x2  
  29  3:18  Marine  
  32  3:23  SCV  
  32  3:24  Marine  
  34  3:34  Marine  
  34  3:36  SCV, Widow Mine  
  34  3:38  Supply Depot  
  38  3:49  Marauder x2  
  38  3:51  Marine  
  44  3:59  Marine  
  44  4:09  Marine  
  45  4:11  Marauder x2  
  45  4:17  Marine  
  49  4:22  Widow Mine  
  52  4:25  SCV  
  52  4:30  Marine  
  54  4:32  Engineering Bay  
  54  4:48  Marine  
  55  4:55  Starport  
  55  4:58  Marauder  
  55  5:11  Missile Turret x2  
  55  5:24  Marine  
  54  5:37  Widow Mine  
  54  5:38  Marauder x2, Medivac  
  54  5:39  Supply Depot  
  54  5:40  Marine  
  54  5:41  Concussive Shells  
  63  5:43  Missile Turret  
  63  6:00  Marine  
  63  6:04  Marine  
  63  6:05  Marine  
  63  6:06  Marauder  
  63  6:18  Marine  
  63  6:22  Marine  
  63  6:29  Supply Depot  
  63  6:36  Marine  
  63  6:50  Marine  
  63  6:51  Marauder x2  
Show
View Real Time Build Order
Export as new Build Order

BlackFlag Protoss 

Build Orders: 1 Gate Expand, Blink Stalkers 

Get SALT Encoding   

  12  0:01  Probe (Chrono Boost)  
  13  0:12  Probe (Chrono Boost)  
  14  0:18  Pylon  
  14  0:22  Probe (Chrono Boost)  
  15  0:36  Probe (Chrono Boost)  
  15  0:38  Gateway  
  16  0:45  Assimilator  
  16  0:46  Probe (Chrono Boost)  
  18  0:57  Probe (Chrono Boost)  
  18  1:21  Nexus  
  18  1:33  Cybernetics Core  
  18  1:37  Probe (Chrono Boost)  
  19  1:47  Probe (Chrono Boost)  
  19  1:53  Assimilator  
  20  1:58  Probe (Chrono Boost)  
  21  2:03  Pylon  
  21  2:12  Mothership Core (Chrono Boost)  
  23  2:16  Warp Gate  
  23  2:21  Adept  
  25  2:30  Probe (Chrono Boost)  
  25  2:37  Probe (Chrono Boost)  
  27  2:41  Probe (Chrono Boost)  
  28  2:46  Twilight Council  
  28  2:47  Probe (Chrono Boost)  
  29  2:51  Probe (Chrono Boost)  
  29  2:58  Probe (Chrono Boost)  
  31  3:08  Probe (Chrono Boost)  
  32  3:13  Gateway  
  32  3:16  Probe (Chrono Boost)  
  33  3:20  Probe (Chrono Boost), Gateway  
  33  3:23  Blink (Chrono Boost)  
  33  3:26  Probe (Chrono Boost)  
  35  3:32  Probe  
  36  3:36  Probe  
  37  3:46  Pylon  
  35  3:52  Pylon  
  35  3:53  Probe  
  36  3:57  Probe  
  36  3:59  Stalker (Chrono Boost)  
  39  4:05  Probe  
  41  4:10  Probe  
  41  4:15  Robotics Facility  
  35  4:17  Probe  
  35  4:22  Probe  
  37  4:25  Pylon  
  37  4:34  Probe (Chrono Boost)  
  37  4:35  Probe (Chrono Boost)  
  38  4:47  Probe (Chrono Boost)  
  39  4:52  Probe (Chrono Boost)  
  39  4:54  Gateway  
  39  4:56  Gateway  
  39  4:57  Probe (Chrono Boost)  
  40  5:00  Gateway  
  40  5:03  Probe (Chrono Boost)  
  40  5:04  Observer (Chrono Boost)  
  42  5:08  Probe  
  43  5:15  Probe  
  38  5:21  Mothership Core  
  38  5:27  Probe  
  39  5:32  Warp Prism (Chrono Boost)  
  41  5:39  Probe  
  41  5:42  Probe  
Tags
 
Add a new tag
Caveats
  • Supply blocks, unpowered buildings, or Contaminate may cause inaccurate times.
  • Supply counts are checked every 10 seconds.